SAAA
VERMONT LAKE MONSTERS @ PHOENIX HOTSPUR RESERVES
07/17/2034
 
TOP OF THE 1ST
Vermont Lake Monsters batting - Pitching for Phoenix Hotspur Reserves : RHP Larry Souder
Pitching: RHP Larry Souder
Batting: RHB Cosmo Castanhedo 0-0: Called Strike
0-1: Ball
1-1: Foul Ball, location: 2F
1-2: Ball
2-2: Ball
3-2: Foul Ball, location: 2F
3-2: Foul Ball, location: 2F
3-2: Ground out 5-3 (Groundball, 56)
Batting: RHB Ricardo Téllez 0-0: Foul Ball, location: 2F
0-1: Fly out, F3 (Popup, 3F)
Batting: LHB Sébastien Cornu 0-0: Swinging Strike
0-1: Foul Ball, location: 2F
0-2: Ball
1-2: Foul Ball, location: 2F
1-2: Ball
2-2: Foul Ball, location: 2F
2-2: Foul Ball, location: 2F
2-2: Strikes out looking
Top of the 1st over - 0 runs, 0 hits, 0 errors, 0 left on base; Vermont 0 - Phoenix 0
BOTTOM OF THE 1ST
Phoenix Hotspur Reserves batting - Pitching for Vermont Lake Monsters : RHP Santo Velazco
Pitching: RHP Santo Velazco
Batting: RHB Sinfronio Vitor 0-0: Ball
1-0: TRIPLE (Line Drive, 8RXD)
Batting: LHB António Escalante 0-0: Ball
1-0: Ball
2-0: Ball
3-0: Called Strike
3-1: Base on Balls
Batting: RHB Hieronymus Bosch 0-0: Ball
1-0: Foul Ball, location: 2F
1-1: Fly out, F7 (Flyball, 78M)
Runner from 3rd tags up, OUT at HOME
António Escalante to second
Batting: LHB Jason DeGeorge 0-0: Called Strike
0-1: Foul Ball, location: 2F
0-2: Ball
1-2: Ball
2-2: Fly out, F9 (Flyball, 9LD)
Bottom of the 1st over - 0 runs, 1 hit, 0 errors, 1 left on base; Vermont 0 - Phoenix 0
TOP OF THE 2ND
Vermont Lake Monsters batting - Pitching for Phoenix Hotspur Reserves : RHP Larry Souder
Batting: RHB Hsi-men King 0-0: Ball
1-0: Called Strike
1-1: Called Strike
1-2: Foul Ball, location: 2F
1-2: Ball
2-2: Foul Ball, location: 2F
2-2: Foul Ball, location: 2F
2-2: Foul Ball, location: 2F
2-2: Foul Ball, location: 2F
2-2: Strikes out swinging
Batting: RHB Jason Slaybaugh 0-0: DOUBLE (Line Drive, 7LS)
Batting: RHB Gabe Cain 0-0: Foul Ball, location: 2F
0-1: Foul Ball, location: 2F
0-2: Ball
1-2: Ground out U3 (Groundball, 34)
Jason Slaybaugh to third
Batting: RHB Marcel Roks 0-0: Ball
1-0: Called Strike
1-1: Ball
2-1: Ball
3-1: Fly out, F9 (Flyball, 89D)
Top of the 2nd over - 0 runs, 1 hit, 0 errors, 1 left on base; Vermont 0 - Phoenix 0
BOTTOM OF THE 2ND
Phoenix Hotspur Reserves batting - Pitching for Vermont Lake Monsters : RHP Santo Velazco
Batting: RHB Solomon Norment 0-0: Swinging Strike
0-1: Ball
1-1: Foul Ball, location: 2F
1-2: Foul Ball, location: 2F
1-2: Strikes out swinging
Batting: RHB Bernardo Rivera 0-0: Hit by Pitch
Batting: RHB Germán Alfaro 0-0: Ball
1-0: Ball
2-0: Ball
3-0: Base on Balls
Bernardo Rivera to second
Batting: RHB Satoshi Terada 0-0: Called Strike
0-1: Called Strike
0-2: Ball
1-2: Foul Ball, location: 2F
1-2: Ball
2-2: Foul Ball, location: 2F
2-2: Ball
3-2: Strikes out looking
Batting: RHB Carl Tucker 0-0: Called Strike
0-1: Fly out, F9 (Flyball, 9S)
Bottom of the 2nd over - 0 runs, 0 hits, 0 errors, 2 left on base; Vermont 0 - Phoenix 0
TOP OF THE 3RD
Vermont Lake Monsters batting - Pitching for Phoenix Hotspur Reserves : RHP Larry Souder
Batting: RHB Ramón Soto 0-0: Ball
1-0: Foul Ball, location: 2F
1-1: Called Strike
1-2: Ground out 6-3 (Groundball, 6)
Batting: LHB Manuel Núńez 0-0: Called Strike
0-1: DOUBLE (Flyball, 89D)
Batting: RHB Cosmo Castanhedo 0-0: Ball
1-0: Ball
2-0: Fly out, F7 (Flyball, 78D)
Batting: RHB Ricardo Téllez 0-0: SINGLE (Groundball, 56S) (infield hit)
Manuel Núńez to third
Batting: LHB Sébastien Cornu 0-0: Ball
1-0: 3-RUN HOME RUN (Flyball, 9LD), Distance : 332 ft
Batting: RHB Hsi-men King 0-0: Ball
1-0: Ball
2-0: Called Strike
2-1: Ball
3-1: Base on Balls
Batting: RHB Jason Slaybaugh 0-0: Ball
1-0: Ball
2-0: Ball
3-0: SINGLE (Groundball, 4MD)
Hsi-men King to second
Runner from 2nd tries for 3rd, SAFE, no throw
Pinch Runner at 3rd José Vázquez:
Batting: RHB Gabe Cain 0-0: Ball
1-0: Ball
2-0: Called Strike
2-1: Ground out 5-3 (Groundball, 56S)
Top of the 3rd over - 3 runs, 4 hits, 0 errors, 2 left on base; Vermont 3 - Phoenix 0
BOTTOM OF THE 3RD
Phoenix Hotspur Reserves batting - Pitching for Vermont Lake Monsters : RHP Santo Velazco
Batting: RHB Sinfronio Vitor 0-0: Ball
1-0: Ball
2-0: Ground out U3 (Groundball, 3)
Batting: LHB António Escalante 0-0: Ball
1-0: Ball
2-0: Ball
3-0: Base on Balls
Batting: RHB Hieronymus Bosch 0-0: Called Strike
0-1: Fly out, F7 (Line Drive, 7S)
Batting: LHB Jason DeGeorge 0-0: Ground out 1-3 (Groundball, P)
Bottom of the 3rd over - 0 runs, 0 hits, 0 errors, 1 left on base; Vermont 3 - Phoenix 0
TOP OF THE 4TH
Vermont Lake Monsters batting - Pitching for Phoenix Hotspur Reserves : RHP Larry Souder
Batting: RHB Marcel Roks 0-0: Swinging Strike
0-1: Ball
1-1: Ground out 4-3 (Groundball, 4)
Batting: RHB Ramón Soto 0-0: Ball
1-0: Ball
2-0: Ball
3-0: Called Strike
3-1: Called Strike
3-2: Foul Ball, location: 2F
3-2: Foul Ball, location: 2F
3-2: Strikes out swinging
Batting: LHB Manuel Núńez 0-0: Called Strike
0-1: SINGLE (Groundball, 3D)
Batting: RHB Cosmo Castanhedo 0-0: Ball
1-0: Ball
2-0: Ball
3-0: Base on Balls
Manuel Núńez to second
Batting: RHB Ricardo Téllez 0-0: Swinging Strike
0-1: Foul Ball, location: 2F
0-2: Ball
1-2: Foul Ball, location: 2F
1-2: Strikes out swinging
Top of the 4th over - 0 runs, 1 hit, 0 errors, 2 left on base; Vermont 3 - Phoenix 0
BOTTOM OF THE 4TH
Phoenix Hotspur Reserves batting - Pitching for Vermont Lake Monsters : RHP Santo Velazco
Batting: RHB Solomon Norment 0-0: Called Strike
0-1: Foul Ball, location: 2F
0-2: Foul Ball, location: 2F
0-2: Ball
1-2: Ball
2-2: Foul Ball, location: 2F
2-2: Ground out 6-3 (Groundball, 56)
Batting: RHB Bernardo Rivera 0-0: Ball
1-0: Foul Ball, location: 2F
1-1: Ball
2-1: Ground out 5-3 (Groundball, 56)
Batting: RHB Germán Alfaro 0-0: Called Strike
0-1: Fly out, F8 (Flyball, 8LM)
Bottom of the 4th over - 0 runs, 0 hits, 0 errors, 0 left on base; Vermont 3 - Phoenix 0
TOP OF THE 5TH
Vermont Lake Monsters batting - Pitching for Phoenix Hotspur Reserves : RHP Larry Souder
Batting: LHB Sébastien Cornu 0-0: Called Strike
0-1: Ball
1-1: Foul Ball, location: 2F
1-2: Ball
2-2: Strikes out swinging
Batting: RHB José Vázquez 0-0: Ball
1-0: Called Strike
1-1: Ball
2-1: Ball
3-1: Called Strike
3-2: Base on Balls
Pitching: RHP Ken Morrison
Batting: RHB Jason Slaybaugh 0-0: Swinging Strike
0-1: Ball
1-1: Ball
2-1: Ball
3-1: DOUBLE (Flyball, 78XD)
José Vázquez to third
Runner from 3rd tries for Home, SAFE, no throw
Batting: RHB Gabe Cain 0-0: Ball
1-0: Foul Ball, location: 2F
1-1: Ball
2-1: Ground out 4-3 (Groundball, 4)
Jason Slaybaugh to third
Batting: RHB Marcel Roks 0-0: Ground out 6-3 (Groundball, 6)
Top of the 5th over - 1 run, 1 hit, 0 errors, 1 left on base; Vermont 4 - Phoenix 0
BOTTOM OF THE 5TH
Phoenix Hotspur Reserves batting - Pitching for Vermont Lake Monsters : RHP Santo Velazco
Batting: RHB Satoshi Terada 0-0: Called Strike
0-1: Ball
1-1: SINGLE (Groundball, 6MD)
Batting: RHB Carl Tucker 0-0: Ball
1-0: Ball
2-0: Fielders Choice at 2nd, 4-6 (Groundball, 34)
Batting: RHB Sinfronio Vitor 0-0: Ground out 5-3 (Groundball, 56S)
Carl Tucker to second
Batting: LHB António Escalante 0-0: Ball
1-0: Called Strike
1-1: Ball
2-1: Ball
3-1: Base on Balls
Batting: RHB Hieronymus Bosch 0-0: Ball
1-0: Fielders Choice at 2nd, 6-4 (Groundball, 56)
Bottom of the 5th over - 0 runs, 1 hit, 0 errors, 2 left on base; Vermont 4 - Phoenix 0
TOP OF THE 6TH
Vermont Lake Monsters batting - Pitching for Phoenix Hotspur Reserves : RHP Ken Morrison
Batting: RHB Ramón Soto 0-0: Ball
1-0: Called Strike
1-1: Ball
2-1: Fly out, F4 (Popup, 34D)
Batting: LHB Manuel Núńez 0-0: Foul Ball, location: 2F
0-1: Ball
1-1: Ball
2-1: DOUBLE (Line Drive, 8RXD)
Batting: RHB Cosmo Castanhedo 0-0: Called Strike
0-1: Foul Ball, location: 2F
0-2: Ball
1-2: Foul Ball, location: 2F
1-2: Ball
2-2: DOUBLE (Line Drive, 7LM)
Manuel Núńez scores
Batting: RHB Ricardo Téllez 0-0: Foul Ball, location: 2F
0-1: Fly out, F8 (Line Drive, 8LD)
Runner from 2nd tags up, SAFE at 3rd with throw
Batting: LHB Sébastien Cornu 0-0: Ball
1-0: Foul Ball, location: 2F
1-1: Ball
2-1: 2-RUN HOME RUN (Flyball, 9D), Distance : 374 ft
Batting: RHB José Vázquez 0-0: Ball
1-0: Foul Ball, location: 2F
1-1: Swinging Strike
1-2: Strikes out swinging
Top of the 6th over - 3 runs, 3 hits, 0 errors, 0 left on base; Vermont 7 - Phoenix 0
BOTTOM OF THE 6TH
Phoenix Hotspur Reserves batting - Pitching for Vermont Lake Monsters : RHP Santo Velazco
Batting: LHB Jason DeGeorge 0-0: Called Strike
0-1: Ball
1-1: Ball
2-1: Fly out, F9 (Line Drive, 9D)
Batting: RHB Solomon Norment 0-0: Ball
1-0: Ball
2-0: Swinging Strike
2-1: Swinging Strike
2-2: Strikes out swinging
Batting: RHB Bernardo Rivera 0-0: Ball
1-0: Called Strike
1-1: Ball
2-1: Foul Ball, location: 2F
2-2: Ball
3-2: Foul Ball, location: 2F
3-2: Foul Ball, location: 2F
3-2: Fly out, F5 (Line Drive, 56)
Bottom of the 6th over - 0 runs, 0 hits, 0 errors, 0 left on base; Vermont 7 - Phoenix 0
TOP OF THE 7TH
Vermont Lake Monsters batting - Pitching for Phoenix Hotspur Reserves : RHP Ken Morrison
Batting: RHB Jason Slaybaugh 0-0: Called Strike
0-1: Ball
1-1: SINGLE (Line Drive, 8LS)
Batting: RHB Gabe Cain 0-0: Ball
1-0: Ground out 6-3 (Groundball, 6S)
Jason Slaybaugh to second
Batting: RHB Marcel Roks 0-0: Ground out 4-3 (Groundball, 4M)
Jason Slaybaugh to third
Batting: RHB Ramón Soto 0-0: Ball
1-0: Foul Ball, location: 2F
1-1: Ball
2-1: DOUBLE (Flyball, 8LXD)
Jason Slaybaugh scores
Batting: LHB Manuel Núńez 0-0: Fly out, F9 (Flyball, 89M)
Top of the 7th over - 1 run, 2 hits, 0 errors, 1 left on base; Vermont 8 - Phoenix 0
BOTTOM OF THE 7TH
Phoenix Hotspur Reserves batting - Pitching for Vermont Lake Monsters : RHP Santo Velazco
Now at 3B: David Sánchez
Batting: RHB Germán Alfaro 0-0: Ball
1-0: Ball
2-0: Ball
3-0: Called Strike
3-1: SINGLE (Groundball, 6MD)
Batting: RHB Satoshi Terada 0-0: Ball
1-0: Ground out 6-3 (Groundball, 6S)
Germán Alfaro to second
Batting: RHB Carl Tucker 0-0: Foul Ball, location: 2F
0-1: Ball
1-1: Swinging Strike
1-2: Ball
2-2: Strikes out swinging
Batting: RHB Sinfronio Vitor 0-0: Ball
1-0: SINGLE (Line Drive, 4D)
Germán Alfaro to third
Runner from 3rd tries for Home, SAFE, no throw
Pitching: LHP Mike Brandner
Batting: LHB António Escalante 0-0: Foul Ball, location: 2F
0-1: Ball
1-1: Ball
2-1: Ground out 4-3 (Groundball, 4)
Bottom of the 7th over - 1 run, 2 hits, 0 errors, 1 left on base; Vermont 8 - Phoenix 1
TOP OF THE 8TH
Vermont Lake Monsters batting - Pitching for Phoenix Hotspur Reserves : RHP Ken Morrison
Batting: RHB Cosmo Castanhedo 0-0: Ball
1-0: Called Strike
1-1: Ball
2-1: Foul Ball, location: 2F
2-2: Foul Ball, location: 2F
2-2: Foul Ball, location: 2F
2-2: Fly out, F8 (Flyball, 8LM)
Batting: RHB Ricardo Téllez 0-0: Ball
1-0: Fly out, F6 (Popup, 6S)
Batting: LHB Sébastien Cornu 0-0: Ball
1-0: Ball
2-0: Ball
3-0: Base on Balls
Batting: RHB José Vázquez 0-0: Ground out U3 (Groundball, 34S)
Top of the 8th over - 0 runs, 0 hits, 0 errors, 1 left on base; Vermont 8 - Phoenix 1
BOTTOM OF THE 8TH
Phoenix Hotspur Reserves batting - Pitching for Vermont Lake Monsters : LHP Mike Brandner
Now at C: Tullu Amaad
Batting: RHB Hieronymus Bosch 0-0: Ball
1-0: Called Strike
1-1: Fly out, F3 (Line Drive, 3)
Batting: LHB Jason DeGeorge 0-0: Foul Ball, location: 2F
0-1: Swinging Strike
0-2: Ball
1-2: Ball
2-2: SINGLE (Groundball, 4) (infield hit)
Batting: RHB Solomon Norment 0-0: Ball
1-0: Foul Ball, location: 2F
1-1: Foul Ball, location: 2F
1-2: Ball
2-2: Ball
3-2: SINGLE (Groundball, 6MD)
Jason DeGeorge to second
Runner from 2nd tries for 3rd, SAFE, no throw
Batting: RHB Bernardo Rivera 0-0: Ball
1-0: Ball
2-0: Ball
3-0: Called Strike
3-1: Base on Balls
Solomon Norment to second
Batting: RHB Germán Alfaro 0-0: Ball
1-0: Swinging Strike
1-1: Ball
2-1: Ball
3-1: Ground out 5-3 (Groundball, 56S)
Jason DeGeorge scores
Solomon Norment to third
Bernardo Rivera to second
Batting: RHB Satoshi Terada 0-0: Ball
1-0: Ball
2-0: Ball
3-0: Called Strike
3-1: Swinging Strike
3-2: Foul Ball, location: 2F
3-2: Foul Ball, location: 2F
3-2: Base on Balls
Batting: RHB Carl Tucker 0-0: Ball
1-0: Ball
2-0: Ball
3-0: Base on Balls
Solomon Norment scores
Bernardo Rivera to third
Satoshi Terada to second
Batting: RHB Sinfronio Vitor 0-0: Ball
1-0: Fly out, F8 (Flyball, 8RS)
Bottom of the 8th over - 2 runs, 2 hits, 0 errors, 3 left on base; Vermont 8 - Phoenix 3
TOP OF THE 9TH
Vermont Lake Monsters batting - Pitching for Phoenix Hotspur Reserves : RHP Ken Morrison
Batting: RHB Jason Slaybaugh 0-0: Fly out, F9 (Flyball, 9LSF)
Batting: RHB Gabe Cain 0-0: SINGLE (Line Drive, 8RS)
Batting: RHB David Sánchez 0-0: Ball
1-0: Ball
2-0: Swinging Strike
2-1: Called Strike
2-2: Ball
3-2: Strikes out swinging
Batting: RHB Ramón Soto 0-0: Ball
1-0: Called Strike
Gabe Cain steals 2nd base
1-1: Fly out, F8 (Flyball, 8RXD)
Top of the 9th over - 0 runs, 1 hit, 0 errors, 1 left on base; Vermont 8 - Phoenix 3
BOTTOM OF THE 9TH
Phoenix Hotspur Reserves batting - Pitching for Vermont Lake Monsters : LHP Mike Brandner
Batting: LHB António Escalante 0-0: Ball
1-0: Foul Ball, location: 2F
1-1: Ball
2-1: Ball
3-1: Fly out, F4 (Line Drive, 4M)
Batting: RHB Hieronymus Bosch 0-0: Called Strike
0-1: SOLO HOME RUN (Flyball, 7LD), Distance : 352 ft
Pitching: RHP Pat Clement
Batting: LHB Jason DeGeorge 0-0: Hit by Pitch, AND HE CHARGES THE MOUND! The benches clear!
Pitching: LHP Santiago Pérez
Pinch Runner at 1st Jesús Álvarez:
Batting: RHB Solomon Norment 0-0: Ball
1-0: Fly out, F9 (Flyball, 9)
Batting: RHB Bernardo Rivera 0-0: Called Strike
0-1: Foul Ball, location: 2F
0-2: Ball
1-2: Ball
2-2: Ball
3-2: Base on Balls
Jesús Álvarez to second
Batting: RHB Germán Alfaro 0-0: Ball
1-0: Called Strike
1-1: Ball
2-1: SINGLE (Groundball, 6) (infield hit)
Jesús Álvarez to third
Bernardo Rivera to second
Batting: RHB Satoshi Terada 0-0: Foul Ball, location: 2F
0-1: Fielders Choice at 2nd, 6-4 (Groundball, 6)
Bottom of the 9th over - 1 run, 2 hits, 0 errors, 3 left on base; Vermont 8 - Phoenix 4
Friday, March 29th, 2019 - OOTP Baseball 18.8 Build 76